 Dungeon Crawl Stone Soup version 0.29.1-2-gbd0b4ee654 (webtiles) character file.

Game seed: 13329978079644692521

596 hawla the Chiller (level 8, -1/57 HPs)
             Began as a Meteoran Ice Elementalist on Nov 4, 2022.
             Slain by a black bear (6 damage)
             ... on level 5 of the Dungeon.
             The game lasted 00:11:05 (2689 turns).

hawla the Chiller (Meteoran Ice Elementalist)       Turns: 2689, Time: 00:11:07

Health: -1/57      AC:  3    Str: 10    XL:     8   Next: 0%
Magic:  12/16      EV: 13    Int: 19    God:
Gold:   224        SH:  0    Dex: 14    Spells: 8/16 levels left

rFire   + + .      SeeInvis +   z - +0 lajatang
rCold   + . .      Faith    .   (shield currently unavailable)
rNeg    . . .      Spirit   .   a - +0 robe
rPois   .          Reflect  .   (no helmet)
rElec   .          Harm     .   k - scarf {rC+ rF+}
rCorr   .          Rampage  .   (no gloves)
Will    +....                   l - +0 pair of boots
Stlth   +.........              (no amulet)
HPRegen 0.19/turn               d - ring of see invisible
MPRegen 0.15/turn               o - ring of protection from fire

@: freezing walls, glowing
A: sense surroundings 1, otherworldly, glowing, explore regen
a: no special abilities


You were on level 5 of the Dungeon.
You visited 1 branch of the dungeon, and saw 5 of its levels.
You also visited: Sewer.

You collected 224 gold pieces.

Inventory:

Hand Weapons
 z - a +0 lajatang (weapon)
Armour
 a - a +0 robe (worn)
 k - a scarf of resistance (worn)
 l - a +0 pair of boots (worn)
Magical Staves
 y - a staff of conjuration
Jewellery
 d - a ring of see invisible (left hand)
 o - a ring of protection from fire (right hand)
 A - a ring of flight
Wands
 r - a wand of charming (2)
Scrolls
 c - 5 scrolls of magic mapping
 e - a scroll of enchant weapon
 f - a scroll of fear
 j - a scroll of poison
 m - a scroll of summoning {unknown}
 s - a scroll of butterflies {unknown}
 t - a scroll of teleportation
 w - a scroll of acquirement {unknown}
Potions
 b - a potion of magic
 g - a potion of flight
 h - 5 potions of curing
 i - a potion of brilliance
 n - a potion of cancellation
 q - a potion of lignification
 v - a potion of mutation {unknown}


   Skills:
 + Level 0.3 Fighting
 + Level 3.6 Staves
 + Level 3.2 Dodging
 - Level 1.4 Stealth
 + Level 4.7 Spellcasting
 + Level 4.9 Conjurations
 + Level 6.2 Ice Magic


You had 8 spell levels left.
You knew the following spells:

 Your Spells              Type           Power      Damage    Failure   Level
a - Freeze                Ice            100%       1d11      1%          1
b - Frozen Ramparts       Ice            56%        1d9       3%          3
c - Hailstorm             Conj/Ice       25%        3d7       13%         4

Your spell library contained the following spells:

 Spells                   Type           Power      Damage    Failure   Level
 Ozocubu's Armour         Ice            28%        N/A       3%          3
 Slow                     Hex            16%        N/A       13%         1
 Summon Small Mammal      Summ           16%        N/A       13%         1
 Call Canine Familiar     Summ           4%         N/A       36%         3
 Confusing Touch          Hex            4%         N/A       36%         3
 Summon Guardian Golem    Hex/Summ       4%         N/A       36%         3
 Vampiric Draining        Necr           4%         2d6       36%         3


Dungeon Overview and Level Annotations

Branches:
Dungeon (5/15) Zot: 408     Sewer (visited)
 Temple: D:4-7

Altars:
Dithmenos

Shops:
D:2 (


Innate Abilities, Weirdness & Mutations

You passively map a small area around you.
You are easily found by Zot.
You glow in the dark.
You regain HP and MP as you explore.


Message History

You see here a black bear corpse.
You open the door.
There is an open door here.
You pick up a book of Callings and begin reading...
You add the spells Summon Small Mammal, Call Canine Familiar and Summon Guardian Golem to your library.
Found a long sword.
You see here a +0 quarterstaff of pain.
c - 5 scrolls of magic mapping (gained 1)
A black bear comes into view.
The black bear growls angrily.
Casting: Frozen Ramparts (dangerous; 3% risk of failure)
Confirm with . or Enter, or press ? or * to list all spells.
Casting: Frozen Ramparts (dangerous; 3% risk of failure)
Press: ? - help, Dir - look around, f - activate The walls around you are covered in ice.
The wall freezes the black bear!
The black bear bites you. The black bear claws you. x2
You are too injured to fight recklessly!
You barely miss the black bear.
The black bear is moderately wounded.
The wall freezes the black bear!
The black bear bites you. The black bear claws you. x2
You barely miss the black bear.
The black bear is severely wounded.
The wall freezes the black bear.
The black bear goes berserk!
Casting: Frozen Ramparts (dangerous; 3% risk of failure)
Confirm with . or Enter, or press ? or * to list all spells.
Aiming: Freeze (safe; 1% risk of failure)
Press: ? - help, Shift-Dir - straight line, f - black bear
Aim: a black bear (severely wounded, berserk)
You freeze the black bear.
The black bear is almost dead.
The wall freezes the black bear.
The black bear bites you.
* * * LOW HITPOINT WARNING * * *
The black bear claws you.
* * * LOW HITPOINT WARNING * * *
The black bear claws you.
* * * LOW HITPOINT WARNING * * *
The wall freezes the black bear.
The black bear bites you.
You die...

* * *
#.#.#.#
#.#.#.#
,
#...#.#
#####.#
** ,
#.# , *
#.#
#,#.# *
,#.#.#
* #.h@#
,#####
, , * *
,* * *
* ,


You could see a black bear (berserk).

Vanquished Creatures
  Pargi (Sewer)
  An ice beast (D:5)
  A black bear (D:5)
  A phantom (D:5)
  A scorpion (D:4)
  A hound (D:4)
  3 adders
  4 gnolls (D:5)
  2 river rats (D:3)
  2 worms
  3 dart slugs
  3 orcs (D:3)
  5 endoplasms
  6 giant cockroaches
  4 goblins
  3 hobgoblins (D:1)
  4 jackals
  5 kobolds
  5 quokkas
  2 ball pythons (D:2)
  A bat (D:2)
  5 frilled lizards
  6 rats
69 creatures vanquished.

Notes
Turn   | Place    | Note
-------+----------+-------------------------------------------
     0 | D:1      | hawla the Meteoran Ice Elementalist began the quest for the
                  | Orb.
     0 | D:1      | Reached XP level 1. HP: 14/14 MP: 5/5
    87 | D:1      | Reached XP level 2. HP: 20/20 MP: 3/6
   341 | D:1      | Reached XP level 3. HP: 18/26 MP: 3/8
   342 | D:1      | Reached skill level 5 in Ice Magic
   500 | D:1      | Glimpsed the power of Zot.
   741 | D:2      | Learned a level 3 spell: Frozen Ramparts
   747 | D:2      | Reached XP level 4. HP: 29/33 MP: 6/10
  1034 | D:2      | Found Eseaplee's Antique Weapon Shop.
  1100 | D:2      | Glimpsed the power of Zot.
  1129 | D:2      | Found a shadowy altar of Dithmenos.
  1150 | D:2      | Glimpsed the power of Zot.
  1257 | D:3      | Found a glowing drain.
  1270 | D:3      | Reached XP level 5. HP: 32/38 MP: 3/12
  1291 | D:3      | Learned a level 4 spell: Hailstorm
  1292 | Sewer    | Entered a sewer
  1322 | Sewer    | Noticed Pargi
  1329 | Sewer    | Killed Pargi
  1330 | Sewer    | Reached skill level 6 in Ice Magic
  1330 | Sewer    | Reached XP level 6. HP: 35/45 MP: 3/13
  1804 | D:3      | Glimpsed the power of Zot.
  2085 | D:4      | Reached XP level 7. HP: 50/50 MP: 9/14
  2405 | D:4      | Glimpsed the power of Zot.
  2431 | D:5      | Entered Level 5 of the Dungeon
  2631 | D:5      | Reached XP level 8. HP: 14/57 MP: 1/16
  2689 | D:5      | Slain by a black bear

Illustrated notes

Levels and vault maps discovered:
D:1:      ncdulo_lavacross, layout_loops_ring, minmay_unequal
D:2:      layout_basic, serial_shops, shop, basic_altar
D:3:      layout_basic, portal_sewer_entry_b, kennysheep_generic_room_5
D:4:      layout_basic, minmay_liquid_box
D:5:      layout_basic, nicolae_ru_sacrificial_ziggurat, roderic_serpentine_path

Skill      XL: |  1  2  3  4  5  6  7 |
---------------+----------------------+-----
Spellcasting   | 3 4 |  4.7
Ice Magic      | 5 6 |  6.2
Conjurations   | 2 4 |  4.9
Staves         | 3 |  3.6
Dodging        | 3 |  3.2
Fighting       | |  0.3
Stealth        | |  1.4

Action                   |  1- 3 |  4- 6 |  7- 9 || total
-------------------------+-------+-------+-------++-------
Melee: Unarmed           |     5 |     5 |       ||    10
       Lajatang          |       |       |    26 ||    26
 Cast: Freeze            |    48 |    27 |     6 ||    81
       Frozen Ramparts   |       |    17 |     8 ||    25
       Hailstorm         |       |     3 |     2 ||     5
  Use: Scroll            |       |     8 |     4 ||    12
       Potion            |       |       |     1 ||     1
Armor: Robe              |    11 |     4 |     5 ||    20
Dodge: Dodged            |    26 |    16 |    10 ||    52
